 Dungeon Crawl Stone Soup version 0.28-a0-1594-ga885d4b3d6 (webtiles) character file.

Game seed: 18046455069908835898

67 testman the Magician (level 4, -8/32 HPs)
             Began as a Djinni Hedge Wizard on Jan 21, 2022.
             Was a Follower of Wu Jian.
             Mangled by Crazy Yiuf (11 damage)
             ... on level 2 of the Dungeon.
             The game lasted 00:06:36 (2911 turns).

testman the Magician (Djinni Hedge Wizard)          Turns: 2911, Time: 00:06:37

Health: -8/32      AC:  3    Str:  9    XL:     4   Next: 40%
Gold:   47         EV: 12    Int: 17    God:    Wu Jian [*.....] SH:  0 Dex: 13

rFire   + + .      SeeInvis .   a - +0 dagger
rCold   x . .      Faith    .   (no shield)
rNeg    . . .      Spirit   .   b - +0 robe
rPois   ∞          Reflect  .   e - +0 helmet
rElec   .          Harm     .   (no cloak)
rCorr   +          Rampage  .   (no gloves)
Will    .....                   (boots unavailable)
Stlth   ++........              (no amulet)
HPRegen 0.10/turn               k - ring of resist corrosion
MPRegen 0.00/turn               (no ring)

@: flying, invisible
A: sickness immunity, fire resistance 2, cold vulnerability 1, float, innate
caster, hp casting, extra vitality 1
a: Renounce Religion


You were on level 2 of the Dungeon.
You worshipped Wu Jian.
Wu Jian was aware of your devotion.
You visited 1 branch of the dungeon, and saw 2 of its levels.

You collected 47 gold pieces.

Inventory:

Hand Weapons
 a - a +0 dagger (weapon)
Missiles
 h - 6 curare-tipped darts
 i - 20 stones
 l - 4 poisoned darts
Armour
 b - a +0 robe (worn)
 e - a +0 helmet (worn)
Jewellery
 k - a ring of resist corrosion (left hand)
Scrolls
 f - 2 scrolls of identify {unknown}
 g - a scroll of summoning {unknown}
 j - 2 scrolls of teleportation {unknown}
Potions
 d - a potion of lignification {unknown}


   Skills:
 + Level 1.5 Fighting
 - Level 2.1 Dodging
 - Level 1.5 Stealth
 + Level 3.5 Spellcasting


You couldn't memorise any spells.
You knew the following spells:

 Your Spells              Type           Power      Damage    Failure   Level
a - Magic Dart            Conj           60%        1d6       3%          1
b - Blink                 Tloc           30%        N/A       6%          2
c - Call Imp              Summ           15%        N/A       6%          2
d - Slow                  Hex            60%        N/A       3%          1
e - Conjure Flame         Conj/Fire      15%        6-21      12%         3
f - Mephitic Cloud        Conj/Pois/Air  15%        N/A       12%         3
g - Freeze                Ice            60%        1d8       3%          1
Your spell library was empty.

Dungeon Overview and Level Annotations

Branches:
Dungeon (2/15)

Altars:
Wu Jian

Annotations:
D:2 Crazy Yiuf


Innate Abilities, Weirdness & Mutations

You are immune to sickness and miasma.
You are immune to poison.
Your flesh is very heat resistant. (rF++)
You are vulnerable to cold. (rC-)
You float through the air rather than walking.
You learn spells naturally, not from books.
Your magical power is your life essence.
You have superior vitality. (+4 MHP)


Message History

You kill the kobold!
The Council accepts your kill.
f - 2 scrolls labelled EGREHU VUSHY (gained 1)
Things that are here:
a +0 whip; 4 poisoned darts; a kobold corpse
l - 4 poisoned darts You start resting.
HP restored.
There is a stone staircase leading down here.
j - 2 scrolls labelled FAIVUTS BUODUYDWA (gained 1)
You reach down and open the door.
Found a mace.
Found a runed translucent door.
You reach down and open the door.
There is an open translucent door here.
You lunge at Crazy Yiuf.
The helpless Crazy Yiuf fails to defend himself.
You hit Crazy Yiuf.
Crazy Yiuf is moderately wounded.
Crazy Yiuf completely misses you.
You hit Crazy Yiuf but do no damage.
Crazy Yiuf is moderately wounded.
Crazy Yiuf hits you with a +4 quarterstaff of chaos!
You are confused.
Crazy Yiuf closely misses you.
Okay, then.
You are too confused!
You're too confused to move!
Crazy Yiuf says, "Liver!
Candle alas leg."
Crazy Yiuf hits you with a +4 quarterstaff of chaos!
* * * LOW HITPOINT WARNING * * *
It was a potion of invisibility.
You fade into invisibility!
Crazy Yiuf barely misses you.
Crazy Yiuf is nearby!
You feel less confused. Crazy Yiuf completely misses you.
You hit Crazy Yiuf but do no damage.
Crazy Yiuf is moderately wounded.
Crazy Yiuf hits you with a +4 quarterstaff of chaos!
You die...

♣♣P..♣
♣♣.♣♣
♣♣.♣
♣.♣♣
♣♣.♣
♣.♣♣
##'##
#...#
#@..#
#)g.#
#####


You could see Crazy Yiuf.

Vanquished Creatures
  Natasha (D:2)
  3 dart slugs (D:1)
  3 endoplasms (D:1)
  3 giant cockroaches
  A goblin (D:2)
  3 hobgoblins (D:1)
  A jackal (D:1)
  2 quokkas (D:1)
  3 ball pythons (D:1)
  6 bats (D:1)
  A frilled lizard (D:1)
  3 kobolds
  A rat (D:1)
31 creatures vanquished.

Vanquished Creatures (collateral kills)
  An endoplasm (D:1)
  A jackal (D:1)
2 creatures vanquished.

Vanquished Creatures (others)
  2 fungi (D:2)
  2 plants (D:2)
4 creatures vanquished.

Grand Total: 37 creatures vanquished

Notes
Turn   | Place    | Note
-------+----------+-------------------------------------------
     0 | D:1      | testman the Djinni Hedge Wizard began the quest for the
                  | Orb.
     0 | D:1      | Reached XP level 1. HP: 15/15 MP: 0/0
   326 | D:1      | Reached XP level 2. HP: 4/21 MP: 0/0
   330 | D:1      | HP: 1/21 [frilled lizard (2)]
   974 | D:1      | Reached skill level 3 in Spellcasting
  1145 | D:1      | Reached XP level 3. HP: 23/25 MP: 0/0
  1145 | D:1      | Learned a level 1 spell: Freeze
  2316 | D:2      | Noticed Natasha
  2321 | D:2      | Killed Natasha
  2322 | D:2      | Reached skill level 1 in Fighting
  2322 | D:2      | Reached XP level 4. HP: 25/32 MP: 0/0
  2552 | D:2      | Found a faded altar of an unknown god.
  2560 | D:2      | Prayed at the altar of an unknown god.
  2560 | D:2      | Became a worshipper of the Wu Jian Council
  2560 | D:2      | Reached * piety under Wu Jian
  2898 | D:2      | Found a runed translucent door.
  2899 | D:2      | Noticed Crazy Yiuf
  2911 | D:2      | Mangled by Crazy Yiuf

Illustrated notes

Levels and vault maps discovered:
D:1:      lightli_arrival_windingriver, layout_basic
D:2:      layout_basic, dreamdust_ecumenical_altar_hidden_monk_grotto,
          uniq_natasha, uniq_crazy_yiuf_cottage

Skill      XL: |  1  2  3 |
---------------+----------+-----
Spellcasting   | 3 |  3.5
Fighting       | 1 |  1.5
Dodging        | |  2.1
Stealth        | |  1.5

Action                   |  1- 3 |  4- 6 || total
-------------------------+-------+-------++-------
Melee: Dagger            |   122 |    14 ||   136
 Cast: Magic Dart        |    45 |       ||    45
       Call Imp          |     1 |       ||     1
       Freeze            |     4 |     7 ||    11
Invok: Lunge             |       |     2 ||     2
  Use: Potion            |       |     1 ||     1
 Stab: Sleeping          |     1 |     1 ||     2
Armor: Robe              |    54 |     2 ||    56
Dodge: Dodged            |   102 |    12 ||   114

Table legend: (Time is in decaauts)
 A = Elapsed time spent in this place.
 B = Non-inter-level travel time spent in this place.
 C = Inter-level travel time spent in this place.
 D = Time resting spent in this place.
 E = Time spent auto-exploring this place.
 F = Levels seen in this place.
 G = Mean time per level.
                   A        B        C        D        E       F      G
               +--------+--------+--------+--------+--------+-----+--------+
         Total |   2910 |   2904 |      6 |   1441 |   1074 |   2 | 1455.0 |
       Dungeon |   2910 |   2904 |      6 |   1441 |   1074 |   2 | 1455.0 |
               +--------+--------+--------+--------+--------+-----+--------+

Top non-repeatable levels by time:
     D:1: 2316 daAuts
     D:2: 594 daAuts
